 Dungeon Crawl Stone Soup version 0.26.1-11-gd32895ea62 (webtiles) character file.

Game seed: 1216840558021864105

42 H0rd4k the Insei (level 3, -1/23 HPs)
             Began as an Octopode Transmuter on July 9, 2021.
             Slain by a goblin
             ... wielding a +0 club
              (2 damage)
             ... on level 2 of the Dungeon.
             The game lasted 00:00:57 (1585 turns).

H0rd4k the Insei (Octopode Transmuter)              Turns: 1585, Time: 00:00:58

Health: -1/23      AC:  1    Str:  9    XL:     3   Next: 56%
Magic:  6/6        EV: 13    Int: 16    God:
Gold:   113        SH:  0    Dex: 12    Spells: 2/6 levels left

rFire    . . .     SeeInvis .     - Unarmed
rCold    . . .     Faith    .   (no shield)
rNeg     . . .     Spirit   .   (helmet restricted)
rPois    .         Reflect  .   (no amulet)
rElec    .         Harm     .   (no ring)
rCorr    .         Rampage  .   (no ring)
Will     .....                  (no ring)
Stlth    ++........             (no ring)
HPRegen  0.07/turn              (no ring)
MPRegen  0.10/turn              (no ring)
                                (no ring)
                                (no ring)

@: lethally poisoned (-1 -> -15), flying
A: almost no armour, stealthy swim, amphibious, 8 rings, constrict 8, camouflage
1, gelatinous body 1
a: no special abilities


You were on level 2 of the Dungeon.
You visited 1 branch of the dungeon, and saw 2 of its levels.

You collected 113 gold pieces.

Inventory:

Jewellery
 e - an uncursed amulet of guardian spirit {unknown}
 g - an uncursed ring of protection from fire {unknown}
Scrolls
 a - a scroll of enchant weapon {unknown}
 c - a scroll of magic mapping {unknown}
 d - 2 scrolls of remove curse {unknown}
 f - 2 scrolls of teleportation {unknown}
 h - a scroll of identify {unknown}
Potions
 b - a potion of flight
 i - a potion of cancellation {unknown}
 j - a potion of invisibility {unknown}


   Skills:
 + Level 1.1 Fighting
 + Level 2.0 Dodging
 + Level 3.8 Unarmed Combat
 * Level 2.4 Spellcasting
 * Level 2.3 Transmutations
 * Level 0.1 Poison Magic


You had 2 spell levels left.
You knew the following spells:

 Your Spells              Type           Power        Failure   Level
a - Beastly Appendage     Tmut           18%          8%          1
b - Spider Form           Tmut/Pois      2%           34%         3

Your spell library contained the following spells:

 Spells                   Type           Power        Failure   Level
 Wereblood                Tmut           9%           12%         2
 Ice Form                 Ice/Tmut       5%           77%         4
 Blade Hands              Tmut           4%           91%         5


Dungeon Overview and Level Annotations

Branches:
Dungeon (2/15)

Altars:
Fedhas


Innate Abilities, Weirdness & Mutations

You cannot wear most types of armour.
You are very stealthy in the water. (Stealth+)
You are amphibious.
You can wear up to eight rings at the same time.
You can use your tentacles to constrict eight enemies at once.
Your skin changes colour to match your surroundings (Stealth+).
Your rubbery body absorbs attacks. (AC +1, EV +1)


Message History

You constrict the adder.
You feel sick. The adder bites you.
* * * LOW HITPOINT WARNING * * *
You are lethally poisoned!
The adder poisons you!
You tentacle-slap the adder.
The adder is moderately wounded.
You constrict the adder. The adder bites you.
* * * LOW HITPOINT WARNING * * *
You are more poisoned.
The adder poisons you! The adder misses you.
You tentacle-slap the adder.
You kill the adder!
* * * LOW HITPOINT WARNING * * *
You feel sick.
It was a potion of flight.
You feel very buoyant.
You fly up into the air.
* * * LOW HITPOINT WARNING * * *
You feel sick. The goblin hits you with a +0 club.
You die...

##.#
#......).[# ..
...)
#########.#
#.##... #.#
...###### #.#
#......# #.#
#......# #.#
#......# #.#
#......#####.##
#....?.wg@....#
#......########
#..#.....# #.
#..#### ^...
.#... # #...
##..


You could see a worm and a goblin.

Vanquished Creatures
  An adder (D:2)
  A worm (D:2)
  2 leopard geckos (D:2)
  A giant cockroach (D:2)
  3 goblins
  4 hobgoblins
  6 bats
  4 frilled lizards
  4 kobolds
  4 rats
30 creatures vanquished.

Vanquished Creatures (others)
  A plant (D:2)
1 creature vanquished.

Grand Total: 31 creatures vanquished

Notes
Turn   | Place    | Note
-------+----------+-------------------------------------------
     0 | D:1      | H0rd4k the Octopode Transmuter began the quest for the Orb.
     0 | D:1      | Reached XP level 1. HP: 13/13 MP: 3/3
   334 | D:1      | Reached XP level 2. HP: 18/18 MP: 5/5
  1202 | D:2      | Reached XP level 3. HP: 18/23 MP: 6/6
  1206 | D:2      | Learned a level 3 spell: Spider Form
  1317 | D:2      | Found a blossoming altar of Fedhas.
  1585 | D:2      | HP: 1/23 [poisoned by an adder]
  1585 | D:2      | Slain by a goblin

Illustrated notes

Levels and vault maps discovered:
D:1:      eino_arrival_tree_alley, layout_loops_ring, minivault_11
D:2:      layout_basic, fedhas_ov_isle_minmay

Action                   || total
-------------------------++-------
Melee: Unarmed           ||    77
       Constrict         ||    15
       Tentacles         ||     8
       Punch             ||     3
  Use: Potion            ||     1
 Stab: Sleeping          ||     7
Armor: Skin              ||    10
Dodge: Dodged            ||    41
